 Dungeon Crawl Stone Soup version 0.26.1-11-gd32895ea62 (webtiles) character file.

Game seed: 4862763889630334372

4858 mankey1987 the Fighter (level 10, -11/111 HPs)
             Began as an Ogre Berserker on May 26, 2021.
             Was an Elder of Trog.
             Mangled by an orc warrior
             ... wielding a +0 spear
              (17 damage)
             ... in a bailey.
             The game lasted 00:18:19 (10719 turns).

mankey1987 the Fighter (Ogre Berserker)            Turns: 10719, Time: 00:18:20

Health: -11/111    AC:  7    Str: 29    XL:     10   Next: 50%
Magic:  10/10      EV: 15    Int:  8    God:    Trog [****..]
Gold:   111        SH:  0    Dex: 17    Spells: 9/9 levels left

rFire    . . .     SeeInvis .   A - +4 giant spiked club
rCold    + . .     Faith    .   (shield currently unavailable)
rNeg     . . .     Spirit   .   G - +2 robe {Will+}
rPois    .         Reflect  .   (helmet restricted)
rElec    .         Harm     .   q - +1 cloak
rCorr    .         Rampage  .   (gloves unavailable)
Will     ++...                  (boots unavailable)
Stlth    ++........             (no amulet)
HPRegen  0.28/turn              a - ring "Bellath" {rC+ Str+6}
MPRegen  0.12/turn              z - +6 ring of dexterity

@: berserk cooldown, slowed, very slow
A: large, unfitting armour, tough skin 1
a: Renounce Religion, Berserk, Trog's Hand, Brothers in Arms


You were in a bailey.
You worshipped Trog.
Trog was greatly pleased with you.
You visited 1 branch of the dungeon, and saw 8 of its levels.
You also visited: Bailey.

You collected 469 gold pieces.
You spent 358 gold pieces at shops.

Inventory:

Hand Weapons
 A - a +4 giant spiked club (weapon)
Armour
 q - a +1 cloak (worn)
 G - a +2 robe of willpower (worn)
Jewellery
 a - the ring "Bellath" (left hand) {rC+ Str+6}
   (You found it on level 7 of the Dungeon)

   [ring of strength]

   It affects your strength (+6).
   It protects you from cold.
 c - an uncursed ring of resist corrosion
 i - an uncursed ring of stealth
 w - an uncursed ring of flight
 y - an uncursed ring of poison resistance
 z - a +6 ring of dexterity (right hand)
 D - an uncursed ring of see invisible
Wands
 v - a wand of polymorph (11)
 B - a wand of enslavement (7)
 E - a wand of flame (27)
Scrolls
 b - a scroll of identify
 d - a scroll of enchant weapon
 r - 4 scrolls of remove curse
Potions
 f - 3 potions of lignification
 g - 2 potions of heal wounds
 h - 2 potions of might
 j - 2 potions of haste {unknown}
 l - a potion of resistance
 m - 9 potions of curing
 n - 2 potions of magic {unknown}
 o - 3 potions of flight {unknown}
 s - 2 potions of berserk rage {unknown}
 t - 2 potions of brilliance {unknown}
 u - 4 potions of degeneration {unknown}
 F - 2 potions of invisibility {unknown}


   Skills:
 + Level 10.6 Fighting
 * Level 10.2 Maces & Flails
 + Level 7.5 Dodging


You had 9 spell levels left.
You didn't know any spells.
Your spell library was empty.

Dungeon Overview and Level Annotations

Branches:
Dungeon (8/15)             Temple (0/1) D:7          Bailey (1/1)
   Lair: D:8-11

Altars:
Ashenzari
Cheibriados
Makhleb
Nemelex Xobeh
Qazlal
Ru
Sif Muna
Trog
Vehumet

Shops:
D:6 ([*=   D:7 ?


Innate Abilities, Weirdness & Mutations

You are too large for most types of armour.
You have tough skin. (AC +1)


Message History

The orc warrior misses you.
You closely miss the orc warrior.
The orc warrior hits you with a +0 spear!
* * * LOW HITPOINT WARNING * * *
You closely miss the orc warrior.
You are no longer berserk.
You are exhausted.
You feel yourself slow down. The orc warrior closely misses you.
You bludgeon the orc warrior!!
The orc warrior is almost dead.
The orc warrior barely misses you.
You barely miss the orc warrior.
The orc warrior is almost dead.
The orc warrior closely misses you.
The orc warrior hits you with a +0 spear!
* * * LOW HITPOINT WARNING * * *
You closely miss the orc warrior.
The orc warrior is almost dead.
The orc warrior hits you with a +0 spear!
You die...

≈≈≈≈≈≈≈..((..#
≈≈≈≈≈≈≈..(...#
≈≈≈≈≈≈≈.(....#
≈≈≈≈≈≈≈......#
≈≈≈≈≈≈≈......#
≈≈≈≈≈≈≈......#
≈≈≈≈≈≈≈..))..#
≈≈≈≈≈≈≈.)....# #≈(
≈≈≈≈≈≈≈..@...# ≈≈≈
≈≈#.#≈≈..o...#
≈≈≈≈≈#∩.##≈......#
≈≈≈≈≈..^()≈)(...(#
≈≈≈≈≈##.##≈.(.(..#
≈≈≈≈≈≈#.#≈≈..(...#
≈≈≈≈≈≈≈≈≈≈≈((..((#
...........((....#
..........)...(..#


You could see an orc warrior.

Vanquished Creatures
  2 two-headed ogres
  Grinder (D:6)
  Eustachio (D:6)
  Sigmund (D:2)
  A wyvern (D:8)
  5 orc warriors
  A phantom (D:8)
  2 ice beasts
  An eye of draining (D:5)
  3 ogres
  3 centaurs
  4 bullfrogs
  2 scorpions
  5 killer bees (D:8)
  A bullfrog zombie (D:6)
  A howler monkey (D:4)
  2 hounds
  2 jellies
  3 orc priests
  4 iguanas
  Crazy Yiuf (D:2)
  Natasha (thrice) (D:2)
  8 orc wizards
  3 worker ants
  A howler monkey zombie (D:6)
  2 worker ant zombies (D:5)
  11 adders
  An ufetubus (D:8)
  An ooze (D:2)
  An adder skeleton (D:4)
  A worm (D:2)
  3 dart slugs
  4 leopard geckos
  22 orcs
  4 giant cockroaches
  7 goblins
  3 hobgoblins
  25 jackals
  5 kobolds
  4 quokkas
  A ball python (D:3)
  8 bats
  8 frilled lizards
  A jackal skeleton (D:4)
  A quokka skeleton (D:4)
  3 rats
177 creatures vanquished.

Vanquished Creatures (others)
  An orc (Bailey)
1 creature vanquished.

Grand Total: 178 creatures vanquished

Notes
Turn   | Place    | Note
-------+----------+-------------------------------------------
     0 | D:1      | mankey1987 the Ogre Berserker began the quest for the Orb.
     0 | D:1      | Reached XP level 1. HP: 24/24 MP: 1/1
   290 | D:1      | Reached XP level 2. HP: 29/32 MP: 2/2
   794 | D:1      | Reached XP level 3. HP: 28/40 MP: 3/3
  1218 | D:2      | Noticed Natasha
  1246 | D:2      | Killed Natasha
  1256 | D:2      | Reached XP level 4. HP: 7/49 MP: 4/4
  1508 | D:2      | Noticed Natasha
  1520 | D:2      | Killed Natasha
  1745 | D:2      | Noticed Natasha
  1755 | D:2      | Killed Natasha
  1755 | D:2      | Reached ** piety under Trog
  1756 | D:2      | Reached skill level 5 in Fighting
  1981 | D:2      | Reached XP level 5. HP: 47/57 MP: 5/5
  2095 | D:2      | Found a runed translucent door.
  2096 | D:2      | Noticed Crazy Yiuf
  2106 | D:2      | Killed Crazy Yiuf
  2184 | D:2      | Found a snail-covered altar of Cheibriados.
  2208 | D:2      | Found a sparkling altar of Nemelex Xobeh.
  2210 | D:2      | Found a sacrificial altar of Ru.
  2224 | D:2      | Noticed Sigmund
  2236 | D:2      | Killed Sigmund
  2237 | D:2      | Reached XP level 6. HP: 67/67 MP: 6/6
  2428 | D:2      | Reached skill level 5 in Maces & Flails
  3135 | D:3      | Reached XP level 7. HP: 64/75 MP: 7/7
  4224 | D:4      | Found a shimmering blue altar of Sif Muna.
  4386 | D:4      | Reached XP level 8. HP: 84/84 MP: 8/8
  4392 | D:4      | Reached *** piety under Trog
  4905 | D:4      | Reached skill level 5 in Dodging
  5030 | D:5      | Entered Level 5 of the Dungeon
  5039 | D:5      | Found a burning altar of Makhleb.
  5526 | D:5      | Found a stormy altar of Qazlal.
  5690 | D:5      | Found a radiant altar of Vehumet.
  6048 | D:5      | Noticed a two-headed ogre
  6063 | D:5      | Killed a two-headed ogre
  6064 | D:5      | Reached XP level 9. HP: 97/97 MP: 9/9
  6669 | D:5      | Found a bloodstained altar of Trog.
  7571 | D:6      | Noticed Grinder
  7588 | D:6      | Killed Grinder
  7669 | D:6      | Found Piticroecru's Weapon Shop.
  7811 | D:6      | Noticed Eustachio
  7823 | D:6      | Killed Eustachio
  7950 | D:6      | Found Junit's General Store.
  7953 | D:6      | Found Ohirrad's Armour Shoppe.
  7971 | D:6      | Bought a +2 robe of willpower for 194 gold pieces
  8275 | D:6      | Found Bisyxoi's Jewellery Boutique.
  8345 | D:7      | Got a wavering copper ring
  8347 | D:7      | Identified the ring "Bellath" {rC+ Str+6} (You found it on
                  | level 7 of the Dungeon)
  8662 | D:7      | Found Felor's Magic Scroll Boutique.
  8717 | D:7      | Bought a scroll of enchant weapon for 82 gold pieces
  8717 | D:7      | Bought a scroll of enchant weapon for 82 gold pieces
  8748 | D:7      | Found a broken altar of Ashenzari.
  9064 | D:7      | Found a staircase to the Ecumenical Temple.
  9344 | D:8      | Noticed a two-headed ogre
  9353 | D:8      | Killed a two-headed ogre
  9354 | D:8      | Reached skill level 10 in Fighting
  9354 | D:8      | Reached XP level 10. HP: 110/110 MP: 10/10
  9356 | D:8      | Reached **** piety under Trog
  9712 | D:8      | Reached skill level 10 in Maces & Flails
  9982 | D:8      | Found a flagged portal.
  9999 | Bailey   | Entered a bailey
 10719 | Bailey   | Mangled by an orc warrior

Illustrated notes

Levels and vault maps discovered:
D:1:      minmay_arrival_up_and_down, layout_basic, minmay_hedge_maze
D:2:      layout_rooms, grunt_temple_overflow_open, kennysheep_slug_shrine,
          minmay_joined_circles, uniq_sigmund, uniq_natasha,
          uniq_crazy_yiuf_cottage
D:3:      layout_loops_ring
D:4:      minmay_wonky_spiral, layout_gridville, hangedman_feature_mirror,
          led_sif_book
D:5:      layout_cave_pods, nicolae_qazlal_general_emergency, vehumet_crystals,
          lemuel_crystal_altar, trog_eyes_of_draining
D:6:      layout_rooms, serial_shops, shop, shop, shop, kennysheep_mini_moat,
          corexii_leaking_fountain, uniq_grinder, uniq_eustachio
D:7:      layout_basic, evilmike_ruin_ashenzari,
          minmay_temple_entry_butterflies, serial_shops, shop
D:8:      layout_rooms, xom_butterflies, dpeg_oklobed_lair, enter_bailey_6
Bailey:   bailey_polearm_2, bailey

Skill      XL: |  1  2  3  4  5  6  7  8  9 10 |
---------------+-------------------------------+-----
Maces & Flails | 3 4 5 6 7 9 10 | 10.2
Dodging        | 3 4 5 7 |  7.5
Fighting       | 5 6 8 10 | 10.6

Action                   |  1- 3 |  4- 6 |  7- 9 | 10-12 || total
-------------------------+-------+-------+-------+-------++-------
Melee: Mace              |    65 |   144 |    68 |       ||   277
       Morningstar       |       |       |   224 |       ||   224
       Giant spiked club |       |       |    35 |    54 ||    89
Invok: Berserk           |     1 |     3 |     9 |     1 ||    14
       Trog's Hand       |       |     1 |     1 |     1 ||     3
Evoke: Wand              |       |       |       |     5 ||     5
  Use: Scroll            |       |     5 |    13 |     1 ||    19
 Stab: Sleeping          |       |     1 |     5 |       ||     6
Armor: Animal skin       |    27 |    63 |    66 |       ||   156
       Robe              |       |       |    11 |    17 ||    28
Dodge: Dodged            |    58 |   118 |   253 |    77 ||   506
